Map: Winter's Gate LE

Players

Mez

  • Race: Terran Terran
  • League: Master
  • Spawn Location: 5:00

A.I. 1 (Very Easy) - Winner!

  • Race: Terran Terran
  • Spawn Location: 11:00

VOD

Have the link to the VOD?

Description

Time

  • Played on: Aug. 27, 2019, 11:12 a.m.
  • Length: 5:49
Show
View Real Time Build Order
Export as new Build Order

Mez Terran 

Build Orders: Gas First Reaper Expand, Hellion Opening 

Get SALT Encoding   

  12  0:01  SCV  
  13  0:13  SCV  
  14  0:19  Supply Depot  
  14  0:25  SCV  
  14  0:27  Refinery  
  15  0:40  SCV  
  16  0:46  Barracks  
  16  0:53  SCV  
  17  1:05  SCV  
  18  1:17  SCV  
  19  1:33  Reaper  
  19  1:34  Orbital Command  
  20  1:47  Command Center  
  20  1:57  Factory  
  20  2:00  SCV  
  21  2:07  Barracks Reactor  
  21  2:12  SCV  
  21  2:15  Supply Depot  
  22  2:20  Refinery  
  23  2:30  SCV  
  23  2:43  Starport  
  23  2:49  Hellion x2  
  23  2:50  Barracks Tech Lab  
  23  2:51  SCV  
  28  3:01  Orbital Command  
  28  3:03  SCV  
  31  3:14  Hellion x2  
  31  3:18  Marauder  
  35  3:23  Medivac  
  37  3:31  Supply Depot  
  37  3:38  Hellion x2  
  37  3:41  Marauder  
  43  3:44  Concussive Shells  
  43  3:48  SCV x2  
  45  3:58  Starport Reactor  
  45  3:59  Starport Tech Lab  
  45  4:09  SCV x2  
  47  4:15  Factory Tech Lab  
  47  4:17  Supply Depot  
  47  4:18  Command Center  
  47  4:23  SCV x2  
  49  4:28  Raven  
  51  4:38  Siege Tank  
  54  4:39  SCV x2  
  54  4:44  Refinery  
  56  4:49  Supply Depot  
  56  4:51  Marine, SCV x2  
  59  5:03  SCV x2  
  61  5:15  SCV x2  
  61  5:19  Starport Reactor  
  63  5:30  SCV x2  
  63  5:31  Barracks  
  63  5:32  Barracks  
  63  5:35  Engineering Bay x2  
Show
View Real Time Build Order
Export as new Build Order

A.I. 1 (Very Easy) Terran - Winner!

Build Orders:  

Get SALT Encoding   

  12  0:00  SCV  
  13  0:13  SCV  
  14  0:18  Supply Depot  
  14  0:37  Refinery  
  14  0:44  Barracks  
  14  1:03  Supply Depot  
  14  1:11  Refinery  
  14  1:29  SCV  
  15  1:33  Marine  
  16  1:41  SCV  
  17  1:53  SCV  
  18  2:05  SCV  
  18  2:06  Marine  
  20  2:17  SCV  
  21  2:29  SCV  
  22  2:38  Marine  
  22  2:41  Orbital Command  
  22  4:11  SCV  
Tags
 
Add a new tag
Caveats
  • Supply blocks, unpowered buildings, or Contaminate may cause inaccurate times.
  • Supply counts are checked every 10 seconds.